 Dungeon Crawl Stone Soup version 0.23-a0-650-ga4d50d4 (webtiles) character file.

80 Larett the Chopper (level 4, -4/39 HPs)
             Began as a Minotaur Berserker on Jan 5, 2019.
             Was a Believer of Trog.
             Slain by a gnoll
             ... wielding a +0 spear
              (9 damage)
             ... on level 2 of the Dungeon.
             The game lasted 00:02:35 (1148 turns).

Larett the Chopper (Minotaur Berserker)             Turns: 1148, Time: 00:02:36

Health: -4/39      AC:  2    Str: 22    XL:     4   Next: 18%
Magic:  3/3        EV: 13    Int:  4    God:    Trog [**....]
Gold:   18         SH:  0    Dex: 10    Spells: 3/3 levels left

rFire    . . .     SeeInvis .   a - +0 hand axe
rCold    . . .     Gourm    .   (no shield)
rNeg     . . .     Faith    .   b - +0 animal skin
rPois    .         Spirit   .   (helmet restricted)
rElec    .         Reflect  .   (no cloak)
rCorr    .         Harm     .   (no gloves)
MR       .....                  (no boots)
Stlth    +.........             (no amulet)
HPRegen  0.13/turn              (no ring)
MPRegen  0.08/turn              (no ring)

@: no status effects
A: retaliatory headbutt, horns 2
a: Berserk, Trog's Hand, Renounce Religion


You were on level 2 of the Dungeon.
You worshipped Trog.
Trog was pleased with you.
You were not hungry.

You visited 1 branch of the dungeon, and saw 2 of its levels.

You collected 18 gold pieces.

Inventory:

Hand Weapons
 a - a +0 hand axe (weapon)
Missiles
 g - 12 stones (quivered)
 i - 18 poisoned needles
 l - 5 tomahawks
Armour
 b - a +0 animal skin (worn)
Scrolls
 R - a scroll of identify
Potions
 j - 2 potions of curing {unknown}
 k - 2 potions of agility {unknown}
Comestibles
 c - 3 rations
 h - a chunk of flesh


   Skills:
 - Level 3.6 Fighting
 * Level 5.0 Axes
 + Level 3.3 Armour
 + Level 3.1 Dodging


You had 3 spell levels left.
You didn't know any spells.
Your spell library was empty.

Dungeon Overview and Level Annotations

Branches:
Dungeon (2/15)

Altars:
Yredelemnul

Annotations:
D:2 Sigmund


Innate Abilities, Weirdness & Mutations

You reflexively headbutt those who attack you in melee.
You have a pair of horns on your head.


Message History

The gnoll hits you.
You hit the gnoll but do no damage.
The gnoll is lightly wounded.
The gnoll closely misses you. You furiously retaliate!
You headbutt the gnoll!
You kill the gnoll!
Trog accepts your kill.
You have reached level 4!
You feel stronger. The gnoll misses you. The gnoll hits you with a +0 spear.
The gnoll barely misses you. You furiously retaliate!
You headbutt the gnoll!
You kill the gnoll!
Trog accepts your kill.
Your Axes skill increases to level 5!
You closely miss the gnoll. The gnoll hits you with a +0 spear!
* * * LOW HITPOINT WARNING * * *
You hit the gnoll.
The gnoll is lightly wounded.
The gnoll hits you with a +0 spear!
You die...

#######+#. ...:.....
..[...... ........#
#........ #[.....#
#).....# #g)....#
#@.....# #......#
#......# #......#
#####......#
#..........#
#..........##########
#...................#
#.....####..........#


You could see a gnoll.

Vanquished Creatures
  3 gnolls (D:2)
  2 oozes
  3 dart slugs (D:1)
  A leopard gecko (D:2)
  2 giant cockroaches (D:1)
  6 hobgoblins
  3 bats
  A frilled lizard (D:1)
  2 gnoll zombies (D:2)
  4 goblins
  6 kobolds (D:1)
  3 rats
36 creatures vanquished.

Notes
Turn   | Place    | Note
-------+----------+-------------------------------------------
     0 | D:1      | Larett the Minotaur Berserker began the quest for the Orb.
     0 | D:1      | Reached XP level 1. HP: 19/19 MP: 0/0
   177 | D:1      | Reached skill level 4 in Axes
   183 | D:1      | Reached XP level 2. HP: 20/26 MP: 1/1
   695 | D:1      | Reached skill level 3 in Armour
   697 | D:1      | Reached XP level 3. HP: 29/31 MP: 2/2
  1049 | D:2      | Found a basalt altar of Yredelemnul.
  1084 | D:2      | Reached ** piety under Trog
  1095 | D:2      | Noticed Sigmund
  1142 | D:2      | Reached skill level 3 in Dodging
  1143 | D:2      | Reached XP level 4. HP: 16/39 MP: 3/3
  1146 | D:2      | Reached skill level 5 in Axes
  1147 | D:2      | HP: 5/39 [gnoll/+0 spear (8)]
  1148 | D:2      | Slain by a gnoll

Vault maps used:
D:1:      minmay_arrival_solitary_statue
D:2:      chequers_temple_overflow_minitemple, lemuel_zombie_altar_yredelemnul,
          minmay_misc_feat_pillars, glass_columns_b,
          chequers_serial_rivers_small_a, uniq_sigmund

Skill      XL: |  1  2  3  4 |
---------------+-------------+-----
Axes           | 4 5 |  5.0
Armour         | 3 |  3.3
Dodging        | 3 |  3.1
Fighting       | |  3.6

Action                   |  1- 3 |  4- 6 || total
-------------------------+-------+-------++-------
Melee: Hand axe          |    64 |     2 ||    66
       Headbutt          |    13 |       ||    13
  Use: Scroll            |     4 |       ||     4
  Eat: Chunk             |     1 |       ||     1
Armor: Animal skin       |     5 |       ||     5
Dodge: Dodged            |    43 |     2 ||    45

Table legend:
 A = Non-vault XP
 B = Vault XP
 C = Vault XP percentage of total XP
 D = Non-vault monster count
 E = Vault monster count
 F = Vault count percentage of total count
                 A         B        C        D         E       F
            +---------+---------+-------+---------+---------+-------
      Total |     112 |       3 |   2.6 |      34 |       2 |   5.6
            +---------+---------+-------+---------+---------+-------
        D:1 |      50 |       0 |   0.0 |      24 |       0 |   0.0
        D:2 |      62 |       3 |   4.6 |      10 |       2 |  16.7
            +---------+---------+-------+---------+---------+-------
